 Dungeon Crawl Stone Soup version 0.29-a0-506-ga2e7fffb44 (webtiles) character file.

Game seed: 3688749524858786062

743 avis the Insei (level 7, 0/48 HPs)
             Began as an Octopode Transmuter on May 29, 2022.
             Slain by an ice beast (10 damage)
             ... on level 6 of the Dungeon.
             The game lasted 00:20:16 (5223 turns).

avis the Insei (Octopode Transmuter)                Turns: 5223, Time: 00:20:16

Health: 0/48       AC:  2    Str: 12    XL:     7   Next: 76%
Magic:  12/13      EV: 21    Int: 15    God:
Gold:   323        SH:  0    Dex: 23    Spells: 4/14 levels left

rFire   + . .      SeeInvis .     - Unarmed
rCold   . . .      Faith    .   (shield currently unavailable)
rNeg    . . .      Spirit   .   (helmet currently unavailable)
rPois   x          Reflect  .   q - amulet of the acrobat
rElec   .          Harm     .   s - +6 ring of dexterity
rCorr   .          Rampage  .   v - ring of protection from fire
Will    .....                   (no ring)
Stlth   ++........              (no ring)
HPRegen 0.16/turn               (no ring)
MPRegen 0.13/turn               (no ring)
                                (no ring)
                                (no ring)

@: spider-form (expiring)
A: venomous fangs, almost no armour, (amphibious), 8 rings, tiny, (camouflage
1), (gelatinous body 1), (nimble swimmer 1), (tentacles)
a: End Transformation


You were on level 6 of the Dungeon.
You were a venomous arachnid creature.
You visited 1 branch of the dungeon, and saw 6 of its levels.

You collected 323 gold pieces.

Inventory:

Hand Weapons
 f - a +0 battleaxe
 l - a +1 whip of venom (melded)
 n - a +4 mace
 w - a +2 dagger of draining
 y - a +3 quarterstaff of chaos
 A - a +0 antimagic mace
Missiles
 m - 10 poisoned darts
 x - a boomerang
Jewellery
 q - an amulet of the acrobat (around neck)
 s - a +6 ring of dexterity (left front leg)
 v - a ring of protection from fire (right front leg)
Scrolls
 b - 4 scrolls of identify {unknown}
 g - a scroll of poison {unknown}
 i - a scroll of enchant weapon {unknown}
 r - 2 scrolls of fear {unknown}
 u - 2 scrolls of silence {unknown}
Potions
 a - 2 potions of lignification
 c - 3 potions of haste {unknown}
 d - 3 potions of might {unknown}
 e - 2 potions of invisibility {unknown}
 h - a potion of flight {unknown}
 j - a potion of magic {unknown}
 k - 2 potions of attraction {unknown}
 o - a potion of heal wounds {unknown}
 p - 3 potions of curing
 t - a potion of ambrosia {unknown}
 z - a potion of brilliance {unknown}


   Skills:
 - Level 4.0 Fighting
 - Level 3.0 Dodging
 - Level 4.0 Unarmed Combat
 - Level 4.0 Spellcasting
 - Level 4.0 Transmutations
 * Level 2.7 Ice Magic
 - Level 2.0 Poison Magic


You had 4 spell levels left.
You knew the following spells:

 Your Spells              Type           Power      Damage    Failure   Level
a - Beastly Appendage     Tmut           30%        N/A       12%         1
e - Wereblood             Tmut           15%        N/A       16%         2
p - Spider Form           Tmut/Pois      12%        N/A       34%         3
q - Ice Form              Ice/Tmut       13%        N/A       63%         4

Your spell library contained the following spells:

 Spells                   Type           Power      Damage    Failure   Level
 Call Canine Familiar     Summ           3%         N/A       69%         3
 Dazzling Flash           Conj/Hex       6%         N/A       69%         3
 Portal Projectile        Hex/Tloc       6%         N/A       69%         3
 Leda's Liquefaction      Hex/Erth       1%         N/A       96%         4
 Agony                    Necr           3%         N/A       100%        5
 Silence                  Hex/Air        1%         N/A       100%        5


Dungeon Overview and Level Annotations

Branches:
Dungeon (6/15)             Temple (0/1) D:5

Altars:
Uskayaw
Zin

Shops:
D:1 =   D:3 (

Annotations:
D:4 3 runed translucent doors, avis's ghost, amateur DDTm


Innate Abilities, Weirdness & Mutations

You are a venomous arachnid creature.
You have poisonous fangs.
You are tiny and dextrous.
Your spellcasting is less reliable in this form.
Your armour is entirely melded.
You are incapable of wielding weapons or throwing items.
You cannot wear most types of armour.
((You are amphibious.))
You can wear up to eight rings at the same time.
((Your skin changes colour to match your surroundings (Stealth+).))
((Your rubbery body absorbs attacks. (AC +1, EV +1)))
((You are camouflaged when in or above water. (Stealth+)))
((You have tentacles for arms and can constrict up to eight enemies at once.))


Message History

You climb downwards.
There is a stone staircase leading up here.
An ice beast comes into view.
Found a stone staircase leading down.
Found a stone staircase leading up.
The helpless ice beast fails to defend itself.
You hit the ice beast but do no damage.
The ice beast is poisoned.
You barely miss the ice beast.
The ice beast is lightly wounded.
The ice beast barely misses you.
You hit the ice beast but do no damage.
The ice beast is lightly wounded.
The ice beast misses you.
You barely miss the ice beast.
The ice beast is lightly wounded.
The ice beast hits you. The ice beast freezes you!
You hit the ice beast but do no damage.
The ice beast is moderately wounded.
Your transformation is almost over.
The ice beast closely misses you.
You hit the ice beast.
The ice beast is heavily wounded.
The ice beast hits you. The ice beast freezes you!
You hit the ice beast.
The ice beast is heavily wounded.
The ice beast closely misses you.
You barely miss the ice beast.
The ice beast is heavily wounded.
The ice beast hits you but does no damage.
You hit the ice beast but do no damage.
The ice beast is heavily wounded.
The ice beast hits you. The ice beast freezes you!
* * * LOW HITPOINT WARNING * * *
You feel better. The ice beast closely misses you.
You hit the ice beast.
The ice beast looks even sicker.
The ice beast is almost dead.
The ice beast hits you.
* * * LOW HITPOINT WARNING * * *
The ice beast freezes you!
You die...

#......#
#......#
#.....<#
#......#
####.### ##.###
#.#..##
#######...>.#
#......s#....#
#.#....Y#......
#.....#....###
.<...#######.#
..##. .# # # #


You could see an ice beast (very poisoned).

Vanquished Creatures
  Sigmund (D:2)
  A centaur (D:5)
  A necrophage (D:5)
  A scorpion (D:5)
  3 hounds (D:5)
  Crazy Yiuf (D:5)
  A jelly (D:4)
  An orc priest (D:2)
  2 orc wizards
  5 adders
  A worm (D:3)
  5 dart slugs
  15 orcs
  5 endoplasms
  3 giant cockroaches
  11 goblins
  7 hobgoblins
  5 quokkas
  6 ball pythons
  2 bats
  4 frilled lizards (D:1)
  4 kobolds
  3 rats
88 creatures vanquished.

Vanquished Creatures (others)
  A fungus (D:5)
1 creature vanquished.

Grand Total: 89 creatures vanquished

Notes
Turn   | Place    | Note
-------+----------+-------------------------------------------
     0 | D:1      | avis the Octopode Transmuter began the quest for the Orb.
     0 | D:1      | Reached XP level 1. HP: 13/13 MP: 3/3
    32 | D:1      | Reached XP level 2. HP: 14/19 MP: 3/5
    46 | D:1      | Found a faded altar of an unknown god.
   165 | D:1      | Found Zaamio's Jewellery Boutique.
   311 | D:1      | Reached XP level 3. HP: 25/25 MP: 4/6
   490 | D:1      | Learned a level 3 spell: Spider Form
   978 | D:2      | Reached skill level 1 in Poison Magic
  1194 | D:2      | Found a hide-covered altar of Uskayaw.
  1317 | D:2      | Noticed Sigmund
  1327 | D:2      | Killed Sigmund
  1328 | D:2      | Reached XP level 4. HP: 23/31 MP: 3/8
  1328 | D:2      | Reached XP level 5. HP: 27/36 MP: 3/9
  1649 | D:3      | Reached XP level 6. HP: 30/42 MP: 10/10
  2320 | D:3      | Found Yciu's Antique Weapon Shop.
  2689 | D:3      | Learned a level 4 spell: Ice Form
  3024 | D:4      | Found a runed translucent gate.
  3024 | D:4      | Found a runed translucent gate.
  3024 | D:4      | Found a runed translucent gate.
  3028 | D:4      | Noticed avis's ghost (amateur DDTm)
  3203 | D:5      | Entered Level 5 of the Dungeon
  3875 | D:5      | Reached XP level 7. HP: 46/48 MP: 9/11
  3891 | D:5      | Found a staircase to the Ecumenical Temple.
  4214 | D:5      | Found a glowing silver altar of Zin.
  4459 | D:5      | Learned a level 2 spell: Wereblood
  4543 | D:5      | Reached skill level 1 in Ice Magic
  4885 | D:5      | Found a runed translucent door.
  4886 | D:5      | Noticed Crazy Yiuf
  4896 | D:5      | Killed Crazy Yiuf
  5223 | D:6      | Slain by an ice beast

Illustrated notes

Levels and vault maps discovered:
D:1:      dpeg_arrival_leaves_temple_mockup, layout_basic, serial_shops,
          nicolae_shop_trees, ebering_ecumenical_altar_ruins
D:2:      layout_basic, basic_altar, nrook_mini_vaults, uniq_sigmund
D:3:      layout_rooms, serial_shops, shop_statue
D:4:      layout_rooms, gammafunk_ghost_nasty_kobolds
D:5:      layout_basic, zin_scriptorium, temple_doors_cd,
          uniq_crazy_yiuf_cottage
D:6:      layout_loops_cross

Skill      XL: |  1  2  3  4  5  6  7 |
---------------+----------------------+-----
Fighting       | 2 3 4 |  4.0
Poison Magic   | 2 |  2.0
Transmutations | 3 4 |  4.0
Spellcasting   | 3 4 |  4.0
Unarmed Combat | 4 |  4.0
Dodging        | 3 |  3.0
Ice Magic      | 2 |  2.7

Action                   |  1- 3 |  4- 6 |  7- 9 || total
-------------------------+-------+-------+-------++-------
Melee: Unarmed           |    61 |    29 |    36 ||   126
       Constrict         |    24 |    25 |     6 ||    55
       Tentacles         |    12 |    14 |     4 ||    30
       Kick              |    17 |    21 |    10 ||    48
       Whip              |       |    57 |    18 ||    75
 Cast: Beastly Appendage |    24 |    23 |     5 ||    52
       Spider Form       |     1 |     3 |     5 ||     9
  Use: Potion            |       |       |     1 ||     1
 Stab: Sleeping          |     5 |     7 |     3 ||    15
Armor: Skin              |     3 |     2 |     3 ||     8
Dodge: Dodged            |    29 |    55 |    33 ||   117

Table legend: (Time is in decaauts)
 A = Elapsed time spent in this place.
 B = Non-inter-level travel time spent in this place.
 C = Inter-level travel time spent in this place.
 D = Time resting spent in this place.
 E = Time spent auto-exploring this place.
 F = Levels seen in this place.
 G = Mean time per level.
                   A        B        C        D        E       F      G
               +--------+--------+--------+--------+--------+-----+--------+
         Total |   5227 |   4771 |    456 |   1295 |   2541 |   6 |  871.2 |
       Dungeon |   5227 |   4771 |    456 |   1295 |   2541 |   6 |  871.2 |
               +--------+--------+--------+--------+--------+-----+--------+

Top non-repeatable levels by time:
     D:5: 1427 daAuts
     D:2: 1105 daAuts
     D:4: 1006 daAuts
     D:1: 927 daAuts
     D:3: 744 daAuts
     D:6: 16 daAuts
